Map: Efflorescence LE

Players

qqq - Winner!

  • Race: Zerg Zerg
  • Spawn Location: 12:00

Massa - Winner!

  • Race: Terran Terran
  • Spawn Location: 3:00

кОНЬАГОНь

  • Race: Terran Terran
  • League: Platinum
  • Spawn Location: 9:00

Sqirtuoz

  • Race: Protoss Protoss
  • League: Platinum
  • Spawn Location: 6:00

VOD

Have the link to the VOD?

Description

Time

  • Played on: June 20, 2020, 3 p.m.
  • Length: 4:28
Show
View Real Time Build Order
Export as new Build Order

qqq Zerg - Winner!

Build Orders: Hatch First 

Get SALT Encoding   

  12  0:03  Drone  
  13  0:08  Drone  
  14  0:36  Hatchery  
  13  0:51  Spawning Pool  
  12  1:00  Extractor  
  12  1:01  Overlord  
  11  1:06  Drone  
  12  1:12  Drone  
  12  1:16  Drone  
  14  1:24  Drone  
  15  1:40  Drone  
  15  1:43  Queen  
  18  1:50  Drone  
  18  1:51  Drone  
  20  1:57  Drone  
  20  2:01  Drone  
  22  2:07  Overlord  
  22  2:14  Zergling x2  
  23  2:18  Metabolic Boost  
  23  2:26  Queen  
  25  2:30  Zergling x2  
  26  2:37  Zergling x4  
  26  2:39  Zergling x2  
  26  2:43  Zergling x2  
  30  2:48  Overlord  
  30  2:56  Zergling x2  
  30  2:57  Zergling x2  
  32  3:00  Overlord  
  32  3:03  Zergling x2  
  33  3:06  Zergling x2  
  34  3:13  Zergling x2  
  34  3:14  Zergling x2  
  36  3:26  Drone, Zergling x2  
  38  3:27  Zergling x6  
  38  3:33  Zergling x2  
  42  3:42  Zergling x2  
  42  3:43  Zergling x2  
  42  3:47  Overlord  
  44  3:48  Zergling x2  
  44  3:49  Zergling x2  
Show
View Real Time Build Order
Export as new Build Order

Massa Terran - Winner!

Build Orders:  

Get SALT Encoding   

  12  0:11  Supply Depot  
  12  0:13  SCV  
  13  0:25  SCV  
  14  0:36  Barracks  
  14  0:39  SCV  
  15  0:51  SCV  
  16  1:03  Supply Depot  
  16  1:04  SCV  
  17  1:16  SCV  
  17  1:17  Barracks  
  18  1:28  SCV  
  18  1:38  Marine  
  19  1:42  Barracks  
  19  1:51  Orbital Command  
  19  1:56  Marine  
  20  2:06  Marine  
  21  2:14  Refinery, Marine  
  22  2:19  SCV  
  23  2:24  Marine  
  23  2:29  Marine  
  25  2:31  Marine  
  25  2:34  Supply Depot  
  26  2:38  Barracks  
  26  2:42  SCV, Marine  
  28  2:47  Marine  
  28  2:49  Marine  
  30  3:00  Marine  
  30  3:03  Supply Depot  
  30  3:04  Marine  
  32  3:07  Marine  
  33  3:18  Marine  
  34  3:22  Marine  
  34  3:25  Marine  
  36  3:30  Marine  
  37  3:35  Marine  
  37  3:40  Factory, Marine  
  39  3:43  Marine  
  40  3:48  Marine  
  40  3:53  Marine  
  42  3:58  Marine  
  42  4:00  Marine  
  44  4:06  Marine  
Show
View Real Time Build Order
Export as new Build Order

кОНЬАГОНь Terran 

Build Orders:  

Get SALT Encoding   

  12  0:03  SCV  
  13  0:15  SCV  
  13  0:19  Supply Depot  
  14  0:29  SCV  
  15  0:41  SCV  
  16  0:43  Barracks  
  16  0:48  Refinery  
  16  0:53  SCV  
  17  1:05  SCV  
  18  1:17  SCV  
  19  1:29  SCV  
  19  1:40  Marine  
  19  1:42  Orbital Command  
  20  1:49  Factory  
  20  1:55  Refinery  
  20  1:59  Supply Depot  
  20  2:07  Barracks Reactor  
  20  2:08  SCV  
  21  2:22  SCV  
  22  2:34  SCV  
  22  2:35  Starport  
  23  2:37  Hellion  
  23  2:42  Supply Depot  
  25  2:45  Marine  
  25  2:46  Marine  
  25  2:48  SCV  
  28  3:00  Factory Tech Lab  
  28  3:04  SCV  
  29  3:18  Medivac  
  29  3:19  Cyclone  
  34  3:20  Marine x2  
  34  3:23  SCV  
  37  3:28  Barracks  
  37  3:35  SCV  
  37  3:40  Marine  
  39  3:48  Supply Depot  
  39  3:49  Starport Reactor  
  39  4:09  Marine x2  
  41  4:11  Supply Depot  
  37  4:18  Barracks Tech Lab  
Show
View Real Time Build Order
Export as new Build Order

Sqirtuoz Protoss 

Build Orders: 1 Gate Expand 

Get SALT Encoding   

  1  0:00  Probe  
  13  0:07  Probe  
  14  0:18  Pylon  
  14  0:20  Probe  
  15  0:36  Probe  
  15  0:38  Gateway  
  16  0:44  Assimilator  
  16  0:48  Probe  
  17  0:59  Probe  
  18  1:07  Probe  
  19  1:15  Probe  
  20  1:27  Nexus  
  20  1:37  Cybernetics Core  
  20  1:43  Assimilator  
  20  1:45  Probe  
  21  2:18  Gateway  
  21  2:19  Gateway  
  21  2:21  Robotics Facility  
  21  2:28  Pylon  
  21  2:32  Probe  
  22  2:37  Probe  
  22  2:40  Probe  
  23  2:45  Probe  
  23  2:47  Adept  
  27  3:00  Pylon  
  27  3:06  Shield Battery  
  27  3:09  Immortal, Adept  
  33  3:24  Adept  
  35  3:38  Shield Battery  
  35  3:40  Probe  
  35  3:42  Adept  
  35  3:46  Probe  
  35  3:48  Probe  
  40  3:57  Adept  
  40  4:00  Observer  
Tags
 
Add a new tag
Caveats
  • Supply blocks, unpowered buildings, or Contaminate may cause inaccurate times.
  • Supply counts are checked every 10 seconds.